 Dungeon Crawl Stone Soup version 0.31-a0-986-g5e6e4ef867 (webtiles) character file.

Game seed: 4704797921647670836

18055 quinnr the Zephyrmancer (level 12, 0/77 HPs)
             Began as a Tengu Air Elementalist on Nov 24, 2023.
             Was a Believer of Vehumet.
             Slain by a two-headed ogre
             ... wielding a +0 giant club
              (32 damage)
             ... on level 12 of the Dungeon on Nov 25, 2023.
             The game lasted 00:32:40 (16386 turns).

quinnr the Zephyrmancer (Tengu Air Elementalist)   Turns: 16386, Time: 00:32:40

Health: 0/77       AC:  5    Str: 14    XL:     12   Next: 54%
Magic:  2/26       EV: 35    Int: 20    God:    Vehumet [**....]
Gold:   554        SH:  0    Dex: 16    Spells: 15/30 levels left

rFire   + + .        l - +0 rapier of Midwinter {drain, Str+6}
rCold   + . .        (no shield)
rNeg    . . .        w - +2 robe {rC+ rF+}
rPois   .            (helmet restricted)
rElec   .            (no cloak)
rCorr   .            h - +0 pair of gloves
SInv    .            (boots unavailable)
Will    .....        J - amulet of magic regeneration
Stlth   ++           f - ring of protection from fire
HPRegen 0.32/turn    (no ring)
MPRegen 0.60/turn

%: acrobat
@: sluggish, acrobatic, flying, very slow
A: beak, talons 3, evasive flight, acrobatic
a: Renounce Religion


You were on level 12 of the Dungeon.
You worshipped Vehumet.
Vehumet was pleased with you.
You visited 2 branches of the dungeon, and saw 14 of its levels.

You collected 554 gold pieces.


Innate Abilities, Weirdness & Mutations

You have a beak for a mouth.
You have claws for feet.
Your magical flight helps you evade attacks. (EV +4)
You can magically evade attacks while moving or waiting.


   Skills:
 - Level 10.0 Fighting
 - Level 3.0 Armour
 - Level 8.0 Dodging
 - Level 2.0 Stealth
 + Level 9.6 Spellcasting
 - Level 9.0 Conjurations
 - Level 12.0 Air Magic
 - Level 6.0 Evocations


You had 15 spell levels left.
You knew the following spells:

 Your Spells              Type           Power      Damage    Failure   Level
a - Airstrike             Air            27%        2d(4-20)  1%          4
b - Iskenderun's Battles  Conj           45%        2d10      4%          5
i - Swiftness             Air            55%        N/A       1%          3
t - Static Discharge      Conj/Air       100%       3-8/arc   1%          2
z - Shock                 Conj/Air       100%       1d9       1%          1

Your spell library contained the following spells:

 Spells                   Type           Power      Damage    Failure   Level
 Magic Dart               Conj           100%       1d8       1%          1
 Fulminant Prism          Conj/Hex       13%        3d9       12%         4
 Iskenderun's Mystic Bla  Conj/Tloc      27%        2d7       12%         4
 Tukima's Dance           Hex            9%         N/A       22%         3
 Volatile Blastmotes      Fire/Tloc      18%        2d11      22%         3
 Dimensional Bullseye     Hex/Tloc       4%         N/A       58%         4
 Bombard                  Conj/Erth      13%        9d3       87%         6
 Spellforged Servitor     Conj/Summ      13%        N/A       100%        7

Inventory:

Hand Weapons
 l - the +0 rapier of Midwinter (weapon) {drain, Str+6}
   (You found it on level 3 of the Dungeon)

   Str+6:     It affects your strength (+6).
 C - a +2 dagger of venom
 M - a +0 dagger of protection
 P - the +0 rapier of Fate {pain, *Corrode rF+ Str+8}
   (You found it on level 12 of the Dungeon)

   Str+8:     It affects your strength (+8).
   rF+:       It protects you from fire.
   *Corrode:  It may corrode you when you take damage.
Missiles
 y - 19 poisoned darts
 I - 3 javelins
Armour
 a - a +0 robe
 h - a +0 pair of gloves (worn)
 p - a +3 leather armour
 w - a +2 robe of resistance (worn)
 O - a +1 cloak
Jewellery
 f - a ring of protection from fire (left hand)
 u - an amulet of guardian spirit
 F - a ring of fire
 J - an amulet of magic regeneration (around neck)
 L - a ring of fire
Wands
 q - a wand of roots (1)
 r - a wand of charming (14)
 K - a wand of mindburst (6)
Scrolls
 c - 3 scrolls of immolation {unknown}
 i - 3 scrolls of teleportation {unknown}
 k - 3 scrolls of noise {unknown}
 m - 5 scrolls of blinking {unknown}
 n - 2 scrolls of vulnerability {unknown}
 s - 2 scrolls of fog {unknown}
 t - a scroll of poison {unknown}
 x - 2 scrolls of brand weapon {unknown}
 A - a scroll of revelation
 D - 3 scrolls of identify {@r1}
 E - a scroll of enchant armour {unknown}
 G - 3 scrolls of enchant weapon
 N - a scroll of fear {unknown}
Potions
 b - 2 potions of magic
 d - 6 potions of curing {@q1}
 e - 2 potions of might
 g - 3 potions of enlightenment
 j - a potion of berserk rage {!q}
 o - 2 potions of attraction
 v - a potion of cancellation {unknown}
 z - 2 potions of heal wounds {@q2}
 B - 2 potions of mutation {unknown}
 H - a potion of brilliance {unknown}
 Q - 2 potions of lignification {unknown}

Dungeon Overview and Level Annotations

Branches:
Dungeon (13/15)            Temple (1/1) D:5            Lair (0/5) D:9
    Orc (0/2) D:12
 Vaults: D:13-14

Altars:
Ashenzari
Cheibriados
Dithmenos
Elyvilon
Fedhas
Gozag
Hepliaklqana
Kikubaaqudgha
Makhleb
Nemelex Xobeh
Okawaru
Qazlal
Ru
Sif Muna
Trog
Uskayaw
Vehumet
Wu Jian
Xom
Yredelemnul
Zin
The Shining One

Shops:
D:6 =(!

Annotations:
D:2 1 runed translucent door, Crazy Yiuf
D:3 Sigmund
D:6 Grinder
D:9 exclusions: arcanist and tengu warrior
D:11 exclusion: cyclops

+## ▒ ▒.....▒▒...### ▒.
▒▒.....▒...▒# # ▒C
▒▒▒......▒..▒▒### ▒..
▒▒▒▒.......▒▒......▒
▒..▒..▒▒▒▒.'........▒.......▒
▒..▒C......▒........'.▒▒▒▒..▒
▒..▒......▒▒.......▒▒▒▒ ..▒
▒..###▒▒O.▒..O...▒▒▒ .▒ ▒..
#▒...▒.@...▒▒ ▒
▒..###...▒▒.u...▒ ▒
▒..▒..†..▒✱....▒▒ ▒
▒.......▒▒.....▒ ▒
▒.O...▒▒▒......▒ ▒
▒..▒▒▒▒.......▒▒ ▒ ▒'▒
........▒ ... ........▒ ..##


You could see a red ugly thing, a two-headed ogre (ally target) and a friendly
battlesphere.


Message History

The air twists around and strikes the two-headed ogre but does no damage.
Your battlesphere fires!
The barrage of energy hits the red ugly thing!
The red ugly thing is lightly wounded.
Unknown command.
Unknown command.
Casting: Airstrike (mildly dangerous; 1% risk of failure)
Confirm with . or Enter, or press ? or * to list all spells.
Aiming: Airstrike (mildly dangerous; 1% risk of failure)
Press: ? - help, Dir - move target, f/p - two-headed ogre
Aim: a two-headed ogre, wielding two +0 giant clubs (heavily wounded, empty space bonus: 7/8)
The air twists around and strikes the two-headed ogre!
The two-headed ogre is severely wounded.
The two-headed ogre hits you with a +0 giant club!!
* * * LOW HITPOINT WARNING * * *
The two-headed ogre misses you.
Your battlesphere fires!
The barrage of energy hits the two-headed ogre!
The two-headed ogre is almost dead.
Unknown command.
Okay, then.
The two-headed ogre attacks as it pursues you!
The two-headed ogre completely misses you. x2
Casting: Airstrike (mildly dangerous; 1% risk of failure)
Confirm with . or Enter, or press ? or * to list all spells.
You don't have enough magic to cast this spell.
Unknown command.
Unknown command.
The two-headed ogre hits you with a +0 giant club!!
You die...

Skill      XL: |  1  2  3  4  5  6  7  8  9 10 11 12 |
---------------+-------------------------------------+-----
Air Magic      | 5 6 7 8 9 10 11 12 | 12.0
Conjurations   | 2 3 8 9 |  9.0
Fighting       | 3 5 7 10 | 10.0
Armour         | 3 |  3.0
Evocations     | 2 3 4 6 |  6.0
Dodging        | 5 7 8 |  8.0
Spellcasting   | 4 7 8 9 |  9.6
Stealth        | |  2.0

Action                     |  1- 3 |  4- 6 |  7- 9 | 10-12 || total
---------------------------+-------+-------+-------+-------++-------
  Melee: Unarmed           |     7 |     3 |       |       ||    10
         Kick              |     1 |     1 |     3 |    12 ||    17
         Peck              |       |     1 |     2 |     7 ||    10
         Rapier            |       |     3 |    13 |    30 ||    46
         Punch             |       |       |     1 |     1 ||     2
   Cast: Shock             |    71 |   126 |   177 |   153 ||   527
         Airstrike         |       |       |    41 |   174 ||   215
         Static Discharge  |       |       |     4 |    13 ||    17
         Swiftness         |       |       |     4 |     3 ||     7
         Iskenderun's Batt |       |       |       |    20 ||    20
  Evoke: Wand              |       |       |     2 |     4 ||     6
    Use: Potion            |     1 |       |     1 |     2 ||     4
         Scroll            |       |       |     8 |     1 ||     9
 Armour: Robe              |     9 |    27 |    25 |    83 ||   144
         Leather armour    |       |       |    12 |       ||    12
  Dodge: Dodged            |    18 |    29 |    53 |   126 ||   226

Levels and vault maps discovered:
D:1:      mrwooster_arrival_arrow, layout_basic, dreamdust_wishing_well,
          corexii_leaking_fountain, minmay_indecisive_spiral
D:2:      layout_loops_ring, basic_altar, uniq_crazy_yiuf_cottage
D:3:      layout_basic, overflow_temple_1_default,
          shapermc_ecumenical_altar_acropolis, minivault_19, minmay_distorted,
          uniq_sigmund
D:4:      layout_basic, mainiacjoe_overflow_tiny_flanked, kennysheep_potato,
          uniq_edmund
D:5:      layout_basic, nicolae_sif_muna_condensation, tso_oasis_becter,
          nicolae_gozag_seed_capital, minmay_temple_entry_trees, uniq_ijyb
D:6:      layout_basic, nicolae_overflow_crystal_walls, lemuel_tele_altar,
          okawaru_metal_pillars_3, serial_shops, nicolae_shop_industrial_runoff,
          nicolae_lakefront_shop, nicolae_shop_bloodbath_and_beyond,
          st_stairs_5, uniq_grinder
D:7:      layout_rooms, lemuel_coloured_pillars_altar, kennysheep_little_box
D:8:      layout_cave_pools, uniq_prince_ribbit1
D:9:      layout_roguey, demons_altar, nicolae_overflow_hidden_temple,
          minitemple, david_lair_shrubbed, kb_rosetta, uniq_jeremiah, uniq_grum,
          uniq_amaemon
D:10:     layout_long_grid
D:11:     layout_long_grid
D:12:     minmay_quarter_circles, layout_stronghold, david_orc_5, uniq_maurice
D:13:     layout_layer_cave, erik_vaults_1, serial_shops, shop,
          kennysheep_generic_room_2
Temple:   hellmonk_temple_of_storms

Notes
Turn   | Place    | Note
-------+----------+-------------------------------------------
     0 | D:1      | quinnr the Tengu Air Elementalist began the quest for the
                  | Orb.
     0 | D:1      | Reached XP level 1. HP: 10/10 MP: 4/4
   172 | D:1      | Reached XP level 2. HP: 15/15 MP: 0/6
   277 | D:2      | Reached skill level 5 in Air Magic
   539 | D:2      | Reached XP level 3. HP: 19/19 MP: 0/7
   890 | D:2      | Found a runed translucent door.
   891 | D:2      | Noticed Crazy Yiuf
   982 | D:1      | Reached skill level 6 in Air Magic
  1305 | D:1      | Reached XP level 4. HP: 24/24 MP: 3/8
  1902 | D:2      | Reached skill level 7 in Air Magic
  2096 | D:2      | Found a shimmering blue altar of Sif Muna.
  2263 | D:3      | Noticed Sigmund
  2393 | D:3      | Reached XP level 5. HP: 28/28 MP: 3/9
  2499 | D:3      | Found a blossoming altar of Fedhas.
  2804 | D:3      | Reached skill level 8 in Air Magic
  2907 | D:3      | Identified the +0 rapier of Midwinter {drain, Str+6}
  3025 | D:3      | Found a faded altar of an unknown god.
  3266 | D:4      | Noticed a phantom
  3275 | D:4      | Reached XP level 6. HP: 8/32 MP: 2/10
  3590 | D:4      | Noticed Edmund
  3605 | D:4      | Killed Edmund
  3606 | D:4      | Reached skill level 9 in Air Magic
  4128 | D:4      | Reached skill level 2 in Conjurations
  4129 | D:4      | Found an ornate altar of the Wu Jian Council.
  4209 | D:4      | Gained mutation: Your magical flight helps you evade
                  | attacks. (EV +4) [Tengu growth]
  4209 | D:4      | Reached XP level 7. HP: 36/36 MP: 3/11
  4272 | D:4      | Identified the serpent talisman of Untold Secrets {Will+
                  | Slay+3}
  4471 | D:4      | Reached skill level 3 in Conjurations
  4471 | D:4      | Reached skill level 10 in Air Magic
  4471 | D:4      | Reached skill level 1 in Fighting
  4611 | D:5      | Entered Level 5 of the Dungeon
  4750 | D:5      | Reached skill level 2 in Fighting
  4750 | D:5      | Reached skill level 1 in Armour
  4842 | D:5      | Learned a level 4 spell: Airstrike
  4846 | D:5      | Learned a level 3 spell: Swiftness
  4849 | D:5      | Learned a level 2 spell: Static Discharge
  4872 | D:5      | Found an opulent altar of Gozag.
  4981 | D:5      | Reached skill level 2 in Armour
  5087 | D:5      | Reached skill level 3 in Armour
  5514 | D:5      | Noticed Ijyb
  5519 | D:5      | Killed Ijyb
  5520 | D:5      | Reached skill level 3 in Fighting
  5597 | D:5      | Found a glowing golden altar of the Shining One.
  5810 | D:5      | Found a staircase to the Ecumenical Temple.
  5823 | D:5      | Reached XP level 8. HP: 46/46 MP: 5/12
  5939 | Temple   | Entered the Ecumenical Temple
  6020 | D:5      | Reached skill level 1 in Evocations
  6161 | D:5      | Found a shimmering blue altar of Sif Muna.
  6306 | D:6      | Reached skill level 4 in Fighting
  6409 | D:6      | Found a white marble altar of Elyvilon.
  6409 | D:6      | Identified the +6 dagger "Oluxt" {heavy, rC+ rCorr}
  6444 | D:6      | Found a sacrificial altar of Ru.
  6475 | D:6      | Noticed a yak
  6475 | D:6      | Noticed a yak
  6476 | D:6      | Noticed a yak
  6476 | D:6      | Noticed a yak
  6500 | D:6      | Killed a yak
  6501 | D:6      | Reached skill level 2 in Evocations
  6686 | D:6      | Found Iralo's Weapon Shop.
  6701 | D:5      | Reached skill level 5 in Fighting
  6882 | D:5      | Reached skill level 3 in Dodging
  6960 | D:6      | Found Boggil's Jewellery Shop.
  7050 | D:6      | Found an iron altar of Okawaru.
  7053 | D:6      | Identified a +2 robe of resistance
  7068 | D:6      | Noticed Grinder
  7196 | D:6      | Reached skill level 4 in Dodging
  7265 | D:6      | Found Hanoose's Distillery.
  7542 | D:6      | Killed a yak
  7543 | D:6      | Reached skill level 5 in Dodging
  7543 | D:6      | Reached skill level 3 in Spellcasting
  7545 | D:6      | Killed a yak
  7546 | D:6      | Reached skill level 4 in Spellcasting
  7546 | D:6      | Reached XP level 9. HP: 35/54 MP: 2/16
  8253 | D:7      | Reached skill level 5 in Spellcasting
  8306 | D:7      | Reached skill level 11 in Air Magic
  8480 | D:7      | Found a stormy altar of Qazlal.
  8634 | D:7      | Found a bloodstained altar of Trog.
  8862 | D:7      | Reached skill level 6 in Spellcasting
  8984 | D:8      | Noticed a two-headed ogre
  9020 | D:7      | Killed a two-headed ogre
  9021 | D:7      | Reached skill level 7 in Spellcasting
  9217 | D:8      | Reached XP level 10. HP: 59/59 MP: 15/22
  9276 | D:7      | Reached skill level 8 in Spellcasting
  9682 | D:8      | Reached skill level 3 in Evocations
  9826 | D:8      | Noticed Prince Ribbit
  9828 | D:8      | Killed Prince Ribbit
 10127 | D:9      | Found a burning altar of Makhleb.
 10242 | D:9      | Found a glowing silver altar of Zin.
 10389 | D:9      | Noticed a tengu warrior
 10412 | D:9      | Reached skill level 6 in Fighting
 10510 | D:9      | Noticed a two-headed ogre
 10658 | D:9      | Killed a two-headed ogre
 10659 | D:9      | Reached skill level 12 in Air Magic
 10828 | D:9      | Identified the beast talisman of Spite {rElec rPois rN+
                  | Int-5}
 10832 | D:9      | Noticed Grum
 10848 | D:9      | Killed Grum
 11098 | D:9      | Found a staircase to the Lair.
 11153 | D:9      | Noticed an arcanist
 11217 | D:9      | Reached skill level 6 in Dodging
 11336 | D:9      | Noticed Jeremiah
 11339 | D:9      | Killed Jeremiah
 11340 | D:9      | Reached skill level 7 in Fighting
 11626 | D:9      | Found a radiant altar of Vehumet.
 11659 | D:9      | Found a hazy altar of Hepliaklqana.
 11660 | D:9      | Found a snail-covered altar of Cheibriados.
 11737 | D:9      | Became a worshipper of Vehumet
 11796 | D:9      | Noticed an orange demon
 11797 | D:9      | Noticed Amaemon
 11811 | D:9      | Killed Amaemon
 11812 | D:9      | Reached skill level 7 in Dodging
 11812 | D:9      | Reached XP level 11. HP: 68/68 MP: 1/24
 11845 | D:10     | Entered Level 10 of the Dungeon
 12019 | D:9      | Reached skill level 8 in Fighting
 12149 | D:9      | Reached skill level 8 in Dodging
 12152 | D:9      | Reached skill level 4 in Conjurations
 12365 | D:9      | Noticed a cyan ugly thing
 12376 | D:9      | Killed a cyan ugly thing
 12377 | D:9      | Reached skill level 5 in Conjurations
 13033 | D:10     | Reached skill level 9 in Fighting
 13251 | D:10     | Noticed a cyclops
 13255 | D:10     | Killed a cyclops
 14166 | D:11     | Reached skill level 10 in Fighting
 14220 | D:11     | Noticed a manticore
 14222 | D:11     | Identified a scroll of acquirement
 14222 | D:11     | Acquired a book of Power
 14230 | D:11     | Learned a level 5 spell: Iskenderun's Battlesphere
 14238 | D:11     | Killed a manticore
 14321 | D:11     | Noticed a cyclops
 14420 | D:11     | Reached skill level 6 in Conjurations
 14422 | D:11     | Reached * piety under Vehumet
 14422 | D:11     | Offered knowledge of Foxfire by Vehumet.
 14836 | D:12     | You are sucked into a shaft and drop 1 floor!
 14849 | D:13     | Noticed a manticore
 14855 | D:13     | Killed a manticore
 14856 | D:13     | Reached skill level 7 in Conjurations
 14856 | D:13     | Reached skill level 4 in Evocations
 15107 | D:12     | Noticed a deep elf pyromancer
 15111 | D:12     | Killed a deep elf pyromancer
 15112 | D:12     | Reached skill level 8 in Conjurations
 15112 | D:12     | Reached XP level 12. HP: 77/77 MP: 12/25
 15156 | D:12     | Noticed Maurice
 15161 | D:12     | Killed Maurice
 15531 | D:12     | Reached skill level 5 in Evocations
 15575 | D:12     | Reached skill level 9 in Conjurations
 15652 | D:12     | Identified the +0 rapier of Fate {pain, *Corrode rF+ Str+8}
 15709 | D:12     | Reached skill level 6 in Evocations
 15825 | D:12     | Found a staircase to the Orcish Mines.
 16124 | D:12     | Reached skill level 9 in Spellcasting
 16128 | D:12     | Reached ** piety under Vehumet
 16134 | D:12     | Offered knowledge of Magic Dart by Vehumet.
 16337 | D:12     | Noticed a boulder beetle
 16357 | D:12     | Killed a boulder beetle
 16365 | D:12     | Noticed a two-headed ogre
 16386 | D:12     | Slain by a two-headed ogre

Vanquished Creatures
  2 two-headed ogres
  A boulder beetle (D:12)
  Amaemon (D:9)
  A deep elf pyromancer (D:12)
  An ugly thing (D:9)
  A cyclops (D:10)
  2 manticores
  Maurice (D:12)
  An orange demon (D:9)
  A gargoyle (D:12)
  3 komodo dragons
  2 kobold demonologists (D:13)
  An unseen horror (D:10)
  Jeremiah (D:9)
  2 trolls (D:12)
  Prince Ribbit (D:8)
  A shadow (D:11)
  8 slime creatures (D:12)
  2 wraiths
  21 yaks
  A vampire (D:7)
  2 basilisks
  Grum (D:9)
  6 vampire mosquitoes (D:12)
  Edmund (D:4)
  6 acid dragons
  2 ice beasts
  2 orc warriors (D:12)
  2 ogres
  2 sky beasts
  3 wolves (D:9)
  A phantom (D:4)
  3 centaurs (D:9)
  4 kobold brigands
  3 bullfrogs
  2 gnoll sergeants
  2 scorpions (D:5)
  4 wights (D:7)
  7 howler monkeys
  4 orc priests
  3 iron imps (D:9)
  4 hounds
  Ijyb (D:5)
  7 orc wizards
  A sleepcap (D:4)
  3 iguanas
  19 gnolls
  7 adders
  A shadow imp (D:5)
  3 white imps
  5 ufetubi
  3 worms
  3 dart slugs
  25 orcs
  10 ball pythons
  9 endoplasms
  6 giant cockroaches
  11 goblins
  2 hobgoblins (D:1)
  A jackal (D:1)
  17 kobolds
  5 quokkas
  6 bats
  4 frilled lizards
  A rat (D:1)
269 creatures vanquished.

Table legend: (Time is in decaauts)
 A = Elapsed time spent in this place.
 B = Non-inter-level travel time spent in this place.
 C = Inter-level travel time spent in this place.
 D = Time resting spent in this place.
 E = Time spent auto-exploring this place.
 F = Levels seen in this place.
 G = Mean time per level.
                   A        B        C        D        E       F      G
               +--------+--------+--------+--------+--------+-----+--------+
         Total |  16405 |  15652 |    753 |   1196 |  12192 |  14 | 1171.8 |
       Dungeon |  16404 |  15653 |    751 |   1196 |  12192 |  13 | 1261.8 |
        Temple |      1 |      0 |      1 |      0 |      0 |   1 |    1.0 |
               +--------+--------+--------+--------+--------+-----+--------+

Top non-repeatable levels by time:
     D:9: 2463 daAuts
     D:5: 2041 daAuts
     D:4: 1505 daAuts
     D:7: 1470 daAuts
    D:11: 1208 daAuts
     D:6: 1195 daAuts
    D:12: 1190 daAuts
     D:2: 1144 daAuts
     D:1: 1079 daAuts
    D:10: 1047 daAuts
     D:3: 909 daAuts
     D:8: 906 daAuts
    D:13: 240 daAuts
  Temple: 1 daAuts

Table legend:
 A = Non-vault XP
 B = Vault XP
 C = Vault XP percentage of total XP
 D = Non-vault monster count
 E = Vault monster count
 F = Vault count percentage of total count
                 A         B        C        D         E       F
            +---------+---------+-------+---------+---------+-------
      Total |   17908 |    7886 |  30.6 |     220 |      49 |  18.2
            +---------+---------+-------+---------+---------+-------
        D:1 |      51 |       7 |  12.1 |      27 |       4 |  12.9
        D:2 |      87 |       0 |   0.0 |      10 |       0 |   0.0
        D:3 |      87 |      16 |  15.5 |      16 |       2 |  11.1
        D:4 |     183 |     363 |  66.5 |      24 |       5 |  17.2
        D:5 |     630 |      36 |   5.4 |      20 |       1 |   4.8
        D:6 |     983 |     226 |  18.7 |      15 |       3 |  16.7
        D:7 |    1995 |       0 |   0.0 |      26 |       0 |   0.0
        D:8 |     442 |     274 |  38.3 |      13 |       1 |   7.1
        D:9 |    2891 |    3500 |  54.8 |      21 |      14 |  40.0
       D:10 |    2377 |       0 |   0.0 |      14 |       0 |   0.0
       D:11 |    2515 |       0 |   0.0 |      10 |       0 |   0.0
       D:12 |    3979 |    3464 |  46.5 |      16 |      19 |  54.3
       D:13 |    1688 |       0 |   0.0 |       8 |       0 |   0.0
            +---------+---------+-------+---------+---------+-------

Levels and vault maps discovered:
D:1:      mrwooster_arrival_arrow, layout_basic, dreamdust_wishing_well,
          corexii_leaking_fountain, minmay_indecisive_spiral
D:2:      layout_loops_ring, basic_altar, uniq_crazy_yiuf_cottage
D:3:      layout_basic, overflow_temple_1_default,
          shapermc_ecumenical_altar_acropolis, minivault_19, minmay_distorted,
          uniq_sigmund
D:4:      layout_basic, mainiacjoe_overflow_tiny_flanked, kennysheep_potato,
          uniq_edmund
D:5:      layout_basic, nicolae_sif_muna_condensation, tso_oasis_becter,
          nicolae_gozag_seed_capital, minmay_temple_entry_trees, uniq_ijyb
D:6:      layout_basic, nicolae_overflow_crystal_walls, lemuel_tele_altar,
          okawaru_metal_pillars_3, serial_shops, nicolae_shop_industrial_runoff,
          nicolae_lakefront_shop, nicolae_shop_bloodbath_and_beyond,
          st_stairs_5, uniq_grinder
D:7:      layout_rooms, lemuel_coloured_pillars_altar, kennysheep_little_box
D:8:      layout_cave_pools, uniq_prince_ribbit1
D:9:      layout_roguey, demons_altar, nicolae_overflow_hidden_temple,
          minitemple, david_lair_shrubbed, kb_rosetta, uniq_jeremiah, uniq_grum,
          uniq_amaemon
D:10:     layout_long_grid
D:11:     layout_long_grid
D:12:     minmay_quarter_circles, layout_stronghold, david_orc_5, uniq_maurice
D:13:     layout_layer_cave, erik_vaults_1, serial_shops, shop,
          kennysheep_generic_room_2
Temple:   hellmonk_temple_of_storms
